 Dungeon Crawl Stone Soup version 0.21-a0-264-g3e31e41 (webtiles) character file.

81 Kidiri the Magician (level 4, -1/24 HPs)
             Began as a Deep Elf Fire Elementalist on Sept 9, 2017.
             Killed from afar by Sigmund (10 damage)
             ... with a magic dart
             ... on level 2 of the Dungeon.
             The game lasted 00:04:21 (1552 turns).

Kidiri the Magician (Deep Elf Fire Elementalist)    Turns: 1552, Time: 00:04:23

Health: -1/24      AC:  2    Str:  5    XL:     4   Next: 19%
Magic:  10/12      EV: 13    Int: 21    God:
Gold:   59         SH:  0    Dex: 15    Spells: 3/12 levels left

rFire    . . .     SeeInvis .   e - +0 dagger
rCold    . . .     Gourm    .   (no shield)
rNeg     . . .     Faith    +   a - +0 robe
rPois    .         Spirit   .   (no helmet)
rElec    .         Reflect  .   (no cloak)
rCorr    .         Harm     .   (no gloves)
MR       .....                  (no boots)
Stlth    +++.......             n - amulet of faith
HPRegen  0.08/turn              f - ring of stealth
MPRegen  0.13/turn              (no ring)

@: no status effects
A: no striking features
a: no special abilities


You were on level 2 of the Dungeon.
You were not hungry.

You visited 1 branch of the dungeon, and saw 2 of its levels.

You collected 59 gold pieces.

Inventory:

Hand Weapons
 e - a +0 dagger (weapon)
Armour
 a - a +0 robe (worn)
Jewellery
 f - a ring of stealth (left hand)
 n - an amulet of faith (around neck)
Wands
 m - a wand of lightning (10/15)
Scrolls
 k - a scroll of remove curse
Potions
 i - 2 potions of berserk rage {unknown}
 j - a potion of agility {unknown}
 o - a potion of resistance {unknown}
Books
 b - a book of Flames

   Spells                             Type                      Level
   a - Flame Tongue                   Conjuration/Fire             1
   b - Throw Flame                    Conjuration/Fire             2
   c - Conjure Flame                  Conjuration/Fire             3
   d - Inner Flame                    Hexes/Fire                   3
   e - Sticky Flame                   Conjuration/Fire             4
   f - Fireball                       Conjuration/Fire             5
Comestibles
 c - a bread ration
 d - 3 chunks of flesh
 g - a meat ration
 l - a fruit


   Skills:
 - Level 2.4 Dodging
 - Level 2.4 Stealth
 * Level 4.9 Spellcasting
 + Level 2.1 Conjurations
 + Level 4.0 Fire Magic


You had 3 spell levels left.
You knew the following spells:

 Your Spells              Type           Power        Failure   Level  Hunger
a - Flame Tongue          Conj/Fire      ###..        3%          1    None
b - Throw Flame           Conj/Fire      ###...       4%          2    None
c - Conjure Flame         Conj/Fire      ###.....     10%         3    ##.....
d - Inner Flame           Hex/Fire       ##......     14%         3    ##.....


Dungeon Overview and Level Annotations

Branches:
Dungeon (2/15)

Altars:
Hepliaklqana
Zin

Annotations:
D:2 1 runed door, Sigmund


Message History

The puff of flame hits you!
* * * LOW HITPOINT WARNING * * *
Unknown command.
It was a potion of curing.
You feel better.
Unknown command.
Casting: Flame Tongue
Confirm with . or Enter, or press ? or * to list all spells.
Aiming: Conjure Flame
Press: ? - help, Dir - move target cursor, p - Sigmund The fire ignites!
Sigmund hits you from afar with a scythe.
Sigmund is engulfed in blazing flames.
Sigmund casts a spell at you.
You are confused.
You feel better. Sigmund gestures at you while chanting.
The magic dart hits you!
Sigmund points at you and mumbles some strange words.
The magic dart hits you!
You die...

.... #.# #### #.#
#.# #######@##
#........# ##
#.#####..# .# #.#
#....###### .#
#####.#.......#
.#### #####
#...@.####.# ....#
#$$$# #.....# #.#
#######$$$####....#
#.# ###$### #.#.##
#.### #.###.# #.#.#
#...# #.._..# #.#.#
###.# #.....# #.#.#
#.# ###'### #.#.#
#.# #.#####.#.#
##.#


You could see Sigmund.

Vanquished Creatures
  Terence (D:2)
  2 adders (D:2)
  2 worms (D:2)
  2 dart slugs
  A bat (D:1)
  3 hobgoblins
  7 jackals
  4 kobolds (D:1)
  A quokka (D:2)
  3 frilled lizards (D:2)
  2 goblins
  3 rats
31 creatures vanquished.

Notes
Turn   | Place    | Note
-------+----------+-------------------------------------------
     0 | D:1      | Kidiri the Deep Elf Fire Elementalist began the quest for the Orb.
     0 | D:1      | Reached XP level 1. HP: 10/10 MP: 6/6
   375 | D:1      | Reached XP level 2. HP: 15/15 MP: 2/8
   380 | D:1      | Learned a level 2 spell: Throw Flame
   735 | D:1      | Found a hazy altar of Hepliaklqana.
   800 | D:2      | Found a runed door.
   922 | D:2      | Reached XP level 3. HP: 19/19 MP: 7/10
   996 | D:2      | Learned a level 3 spell: Conjure Flame
  1000 | D:2      | Learned a level 3 spell: Inner Flame
  1265 | D:2      | Noticed Terence
  1309 | D:2      | Killed Terence
  1309 | D:2      | Reached XP level 4. HP: 24/24 MP: 1/12
  1481 | D:2      | Found a glowing silver altar of Zin.
  1526 | D:2      | Noticed Sigmund
  1552 | D:2      | Killed from afar by Sigmund

Vault maps used:
D:1:      sevenhm_arrival_forest_fort_small_6
D:2:      zin_treasury, uniq_sigmund, uniq_terence, uniq_crazy_yiuf_cottage

Skill      XL: |  1  2  3 |
---------------+----------+-----
Spellcasting   | 4 |  4.9
Conjurations   | 2 |  2.1
Fire Magic     | 4 |  4.0
Dodging        | |  2.4
Stealth        | |  2.4

Action                   |  1- 3 |  4- 6 || total
-------------------------+-------+-------++-------
Melee: Dagger            |     7 |     2 ||     9
 Cast: Flame Tongue      |    40 |     3 ||    43
       Inner Flame       |     2 |       ||     2
       Conjure Flame     |     1 |     1 ||     2
Evoke: Wand              |       |     1 ||     1
  Use: Scroll            |     4 |       ||     4
       Potion            |       |     2 ||     2
 Stab: Sleeping          |     3 |       ||     3
  Eat: Chunk             |     1 |     1 ||     2
Dodge: Dodged            |    17 |     1 ||    18

Table legend:
 A = Spawn XP
 B = Non-spawn XP
 C = Spawn XP percentage of total XP
 D = Spawn monster count
 E = Non-spawn monster count
 F = Spawn count percentage of total count
 G = Total turns spent on level
                    A         B        C        D         E        F      G
               +---------+---------+-------+---------+---------+-------+---------
         Total |       0 |     116 |   0.0 |       0 |      31 |   0.0 |  1552
               +---------+---------+-------+---------+---------+-------+---------
           D:1 |       0 |      22 |   0.0 |       0 |      12 |   0.0 |   785
           D:2 |       0 |      94 |   0.0 |       0 |      19 |   0.0 |   767
               +---------+---------+-------+---------+---------+-------+---------
